 Dungeon Crawl Stone Soup version 0.25-a0-992-gca090100c3 (webtiles) character file.

Game seed: 4583630591904430931, levelgen mode: deterministic

123 Flugslaktarn the Covered (level 4, -1/41 HPs)
             Began as a Minotaur Fighter on May 10, 2020.
             Slain by a mummy (12 damage)
             ... in an ossuary.
             The game lasted 00:00:30 (853 turns).

Flugslaktarn the Covered (Minotaur Fighter)          Turns: 853, Time: 00:00:31

Health: -1/41      AC: 10    Str: 21    XL:     4   Next: 79%
Magic:  3/3        EV: 10    Int:  5    God:
Gold:   66         SH:  5    Dex: 10    Spells: 3/3 levels left

rFire    . . .     SeeInvis .   a - +0 war axe
rCold    . . .     Gourm    .   k - +1 buckler {AC+3}
rNeg     . . .     Faith    .   b - +0 scale mail
rPois    .         Spirit   .   (helmet restricted)
rElec    .         Reflect  .   (no cloak)
rCorr    .         Harm     .   (no gloves)
MR       .....                  (no boots)
Stlth    ..........             (no amulet)
HPRegen  0.13/turn              (no ring)
MPRegen  0.08/turn              (no ring)

@: no status effects
A: retaliatory headbutt, horns 2
a: no special abilities


You were in an ossuary.
You were not hungry.

You visited 1 branch of the dungeon, and saw 4 of its levels.
You also visited: Ossuary.

You collected 66 gold pieces.

Inventory:

Hand Weapons
 a - a +0 war axe (weapon)
Armour
 b - a +0 scale mail (worn)
 c - a +0 kite shield
 k - a +1 buckler of protection (worn)
   (You found it on level 2 of the Dungeon)
Jewellery
 j - a +5 ring of protection {unknown}
   (You found it on level 1 of the Dungeon)
 m - an uncursed ring of see invisible {unknown}
   (You found it on level 2 of the Dungeon)
Scrolls
 f - a scroll of remove curse {unknown}
 g - 2 scrolls of identify {unknown}
 h - a scroll of fear {unknown}
Potions
 d - a potion of might
 l - 3 potions of curing {unknown}
 n - a potion of resistance {unknown}
Comestibles
 e - a ration
 i - 3 chunks of flesh


   Skills:
 + Level 4.4 Fighting
 * Level 4.3 Axes
 + Level 4.4 Armour
 + Level 1.0 Dodging
 - Level 4.1 Shields


You had 3 spell levels left.
You didn't know any spells.
Your spell library was empty.

Dungeon Overview and Level Annotations

Branches:
Dungeon (4/15)            Ossuary (1/1)
 Temple: D:4-7

Altars:


Innate Abilities, Weirdness & Mutations

You reflexively headbutt those who attack you in melee.
You have a pair of horns on your head.


Message History

You hit the orc zombie.
The orc zombie is moderately damaged.
You slash the big kobold zombie! You barely miss the mummy.
The big kobold zombie closely misses you.
You furiously retaliate!
You headbutt the big kobold zombie! The mummy hits you!
The orc zombie barely misses you. You block the centaur zombie's attack.
The gnoll zombie hits you but does no damage.
You barely miss the centaur zombie.
You headbutt the centaur zombie, but do no damage.
The centaur zombie is severely damaged.
You barely miss the mummy. You slash the gnoll zombie!
You hit the big kobold zombie. You slash the orc zombie!
You destroy the orc zombie!
The centaur zombie hits you.
The big kobold zombie closely misses you.
The gnoll zombie hits you.
* * * LOW HITPOINT WARNING * * *
The mummy hits you!
You die...

# #### .#.#.#.
....... #####
....... ##...##
......M###.....##
.....ZZ@........#
......ZZZ..∩.∩..#
................#
.......###.....##
....... ##...##
....... #####
.#.#.#. ######


You could see a mummy, a goblin zombie, a gnoll zombie, a big kobold zombie, an
orc zombie and a centaur zombie.

Vanquished Creatures
  A bullfrog skeleton (D:4)
  2 orc wizards
  An adder (D:2)
  An adder skeleton (D:4)
  A worm (D:2)
  6 orcs
  2 bats
  A gnoll zombie (Ossuary)
  A hobgoblin (D:2)
  3 kobolds
  A frilled lizard (D:1)
  2 goblins (D:3)
  An orc zombie (Ossuary)
  A quokka skeleton (D:4)
  A rat (D:1)
25 creatures vanquished.

Notes
Turn   | Place    | Note
-------+----------+-------------------------------------------
     0 | D:1      | Flugslaktarn the Minotaur Fighter began the quest for the
                  | Orb.
     0 | D:1      | Reached XP level 1. HP: 19/19 MP: 0/0
   192 | D:2      | Reached XP level 2. HP: 20/27 MP: 1/1
   385 | D:3      | Reached XP level 3. HP: 12/33 MP: 2/2
   725 | D:4      | Reached XP level 4. HP: 38/40 MP: 3/3
   749 | D:4      | Reached skill level 1 in Dodging
   832 | D:4      | Found a sand-covered staircase.
   843 | Ossuary  | Entered an ossuary
   853 | Ossuary  | Slain by a mummy

Illustrated notes

Levels and vault maps discovered:
D:1:      kennysheep_arrival_seaside, layout_loops_ring
D:2:      layout_basic, first_ration, nicolae_gozag_seed_capital
D:3:      layout_loops_ring
D:4:      layout_loops_ring, kennysheep_little_box, nicolae_ossuary_entry_ruins,
          dk_vineyard_2, grunt_decor_fettered
Ossuary:  minmay_ossuary_gauntlet

Skill      XL: |  1  2  3  4 |
---------------+-------------+-----
Axes           | 3 4 |  4.3
Fighting       | 4 |  4.4
Armour         | 4 |  4.4
Shields        | 4 |  4.1
Dodging        | 1 |  1.0

Action                   |  1- 3 |  4- 6 || total
-------------------------+-------+-------++-------
Melee: War axe           |    43 |    21 ||    64
       Headbutt          |     4 |     8 ||    12
Armor: Scale mail        |    17 |     9 ||    26
Dodge: Dodged            |    16 |    10 ||    26
Block: Kite shield       |    12 |       ||    12
       Buckler           |     3 |     2 ||     5

Table legend:
 A = Non-vault XP
 B = Vault XP
 C = Vault XP percentage of total XP
 D = Non-vault monster count
 E = Vault monster count
 F = Vault count percentage of total count
                 A         B        C        D         E       F
            +---------+---------+-------+---------+---------+-------
      Total |     173 |       3 |   1.7 |      23 |       2 |   8.0
            +---------+---------+-------+---------+---------+-------
        D:1 |       5 |       0 |   0.0 |       4 |       0 |   0.0
        D:2 |      27 |       0 |   0.0 |       6 |       0 |   0.0
        D:3 |      53 |       0 |   0.0 |       7 |       0 |   0.0
        D:4 |      88 |       0 |   0.0 |       6 |       0 |   0.0
    Ossuary |       0 |       3 | 100.0 |       0 |       2 | 100.0
            +---------+---------+-------+---------+---------+-------
